 Dungeon Crawl Stone Soup version 0.21.1 (webtiles) character file.

1297 tidbits the Charmwright (level 8, 21/64 HPs)
             Began as a Gnoll Skald on Feb 3, 2018.
             Quit the game on level 6 of the Dungeon.
             The game lasted 00:14:25 (1728 turns).

tidbits the Charmwright (Gnoll Skald)               Turns: 1728, Time: 00:14:26

Health: 21/64      AC:  4    Str: 14    XL:     8   Next: 56%
Magic:  13/17      EV: 15    Int: 18    God:
Gold:   238        SH:  0    Dex: 14    Spells: 5/19 levels left

rFire    + . .     SeeInvis .   a - +2 dagger (venom)
rCold    . . .     Gourm    .   (no shield)
rNeg     . . .     Faith    .   B - +1 leather armour {rF+}
rPois    .         Spirit   .   (no helmet)
rElec    .         Reflect  .   (no cloak)
rCorr    .         Harm     .   (no gloves)
MR       .....                  (no boots)
Stlth    ++........             (no amulet)
HPRegen  0.20/turn              D - ring of flight
MPRegen  0.15/turn              (no ring)

@: shrouded
A: distributed training, fangs 1, strong nose
a: Evoke Flight


You were on level 6 of the Dungeon.
You were not hungry.

You visited 1 branch of the dungeon, and saw 7 of its levels.

You collected 238 gold pieces.

Inventory:

Hand Weapons
 a - a +2 dagger of venom (weapon)
   (You took it off a goblin on level 3 of the Dungeon)
 b - a +0 hand axe
 g - a +0 dagger
 n - a +0 flail
 o - a +0 halberd
 w - a +0 mace of protection
   (You took it off an orc on level 4 of the Dungeon)
 x - a +2 flail of protection
   (You took it off an orc on level 4 of the Dungeon)
 C - a +0 battleaxe
 G - a +1 dagger of pain
   (You took it off an orc on level 6 of the Dungeon)
Missiles
 i - 18 bolts
 k - 5 javelins (quivered)
 q - 4 poisoned tomahawks
 y - 3 tomahawks
 I - 14 arrows
Armour
 s - a +0 leather armour
 u - a +0 ring mail
 B - a +1 leather armour of fire resistance (worn)
   (You found it on level 3 of the Dungeon)
 F - a +1 leather armour of positive energy
   (You took it off an orc on level 6 of the Dungeon)
Jewellery
 D - a ring of flight (left hand)
   (You found it on level 7 of the Dungeon)
Scrolls
 e - 8 scrolls of teleportation {unknown}
 f - a scroll of immolation {unknown}
 j - a scroll of fear {unknown}
 l - 5 scrolls of identify {unknown}
 p - 4 scrolls of remove curse {unknown}
 t - a scroll of amnesia {unknown}
 A - a scroll of fog {unknown}
 E - a scroll of noise {unknown}
Potions
 h - 2 potions of curing
 m - a potion of magic {unknown}
 r - a potion of brilliance {unknown}
 v - a potion of lignification {unknown}
 z - 2 potions of heal wounds {unknown}
Books
 c - a book of Battle

   Spells                             Type                      Level
   a - Infusion                       Charms                       1
   b - Shroud of Golubria             Charms/Translocation         2
   c - Song of Slaying                Charms                       2
   d - Spectral Weapon                Hexes/Charms                 3
   e - Regeneration                   Charms/Necromancy            3
 H - a book of Maledictions
   (You found it on level 6 of the Dungeon)

   Spells                             Type                      Level
   a - Corona                         Hexes                        1
   b - Ensorcelled Hibernation        Hexes/Ice                    2
   c - Confuse                        Hexes                        3
   d - Tukima's Dance                 Hexes                        3
   e - Dazzling Spray                 Conjuration/Hexes            3
Comestibles
 d - 11 rations


   Skills:
 + Level 5.7 Fighting
 + Level 3.3 Short Blades
 + Level 3.3 Long Blades
 + Level 5.7 Axes
 + Level 3.3 Maces & Flails
 + Level 3.3 Polearms
 + Level 3.3 Staves
 + Level 3.3 Slings
 + Level 3.3 Bows
 + Level 3.3 Crossbows
 + Level 3.3 Throwing
 + Level 4.2 Armour
 + Level 5.7 Dodging
 + Level 3.3 Stealth
 + Level 3.3 Shields
 + Level 3.3 Unarmed Combat
 + Level 6.0 Spellcasting
 + Level 2.7 Conjurations
 + Level 2.7 Hexes
 + Level 6.1 Charms
 + Level 2.7 Summonings
 + Level 2.7 Necromancy
 + Level 2.7 Translocations
 + Level 2.7 Transmutations
 + Level 2.7 Fire Magic
 + Level 2.7 Ice Magic
 + Level 2.7 Air Magic
 + Level 2.7 Earth Magic
 + Level 2.7 Poison Magic
 + Level 3.6 Invocations
 + Level 3.3 Evocations


You had 5 spell levels left.
You knew the following spells:

 Your Spells              Type           Power        Failure   Level  Hunger
c - Confuse               Hex            ###.....     14%         3    ##.....
g - Shroud of Golubria    Chrm/Tloc      ###.......   3%          2    None
i - Infusion              Chrm           ####         1%          1    None
r - Regeneration          Chrm/Necr      ###.......   7%          3    ##.....
w - Spectral Weapon       Hex/Chrm       ###.....     7%          3    ##.....
y - Song of Slaying       Chrm           ####....     1%          2    None


Dungeon Overview and Level Annotations

Branches:
Dungeon (7/15)
 Temple: D:4-7

Altars:
Ashenzari
Dithmenos
Elyvilon
Fedhas
Kikubaaqudgha
Trog
Uskayaw
Vehumet

Shops:
D:5 (


Innate Abilities, Weirdness & Mutations

Your experience applies equally to all skills.
You have very sharp teeth.
Your uncanny sense of smell can sniff out nearby items.


Message History

You open the door.
Your skin is crawling a little less now.
You see here a scroll labeled COGHUWN NE OLOI.
l - 5 scrolls labeled COGHUWN NE OLOI (gained 1)
You see here 21 sling bullets.
Your skin stops crawling.
Your spectral weapon fades away.
Wield which item (- for none, * to show all)? (? for menu, Esc to quit)
Your +2 dagger of venom begins to drip with poison!
a - a +2 dagger of venom (weapon)
The crimson imp shouts!
The iguana hisses angrily.
The crimson imp blinks!
The crimson imp closely misses you.
You barely miss the crimson imp.
You bite the crimson imp, but do no damage.
The crimson imp hits you.
You hit the crimson imp but do no damage.
The crimson imp is poisoned.
The crimson imp closely misses you.
You hit the crimson imp.
The crimson imp is lightly wounded.
The crimson imp closely misses you.
The crimson imp blinks!
The crimson imp blinks!
There is an open door here.
Casting: Regeneration
Confirm with . or Enter, or press ? or * to list all spells.
You draw out your weapon's spirit!
The iguana misses you.
You hit the iguana. You bite the iguana, but do no damage.
The iguana is lightly wounded.
Your spectral weapon hits the iguana.
The iguana is poisoned.
The iguana closely misses you.
You barely miss the iguana.
The iguana is moderately wounded.
Your spectral weapon hits the iguana.
The iguana completely misses you.
You hit the iguana but do no damage.
The iguana looks as sick as possible!
The iguana is heavily wounded.
Your spectral weapon hits the iguana but does no damage.
The iguana looks as sick as possible!
The crimson imp shouts, "Crawl home, thou lumpish flap-mouthed blabberskite!"
The iguana closely misses your spectral weapon.
You hit the iguana.
The iguana looks as sick as possible!
The iguana is severely wounded.
Your spectral weapon barely misses the iguana.
You hit the iguana but do no damage.
The iguana looks as sick as possible!
The iguana is severely wounded.
Your spectral weapon hits the iguana.
You kill the iguana!
You hit the crimson imp.
The crimson imp is heavily wounded.
Your spectral weapon closely misses the crimson imp.
The crimson imp hits you but does no damage.
You hit the crimson imp.
The crimson imp is poisoned.
The crimson imp is severely wounded.
Your spectral weapon hits the crimson imp but does no damage.
The crimson imp hits your spectral weapon.
You closely miss the crimson imp. Your bite misses the crimson imp.
The crimson imp is severely wounded.
Your spectral weapon hits the crimson imp.
You kill the crimson imp!
Your spectral weapon fades away.
Found a plate armour.
You see here a plate armour.
An ogre comes into view. It is wielding a giant club.
You see here a plate armour.
Casting: Spectral Weapon
Confirm with . or Enter, or press ? or * to list all spells.
You draw out your weapon's spirit!
Casting: Spectral Weapon
Confirm with . or Enter, or press ? or * to list all spells.
You miscast Shroud of Golubria.
You are very lightly contaminated with residual magic.
Your hands glow momentarily.
Casting: Shroud of Golubria
Confirm with . or Enter, or press ? or * to list all spells.
Space distorts slightly along a thin shroud covering your body.
You closely miss the ogre.
Your spectral weapon hits the ogre!
The ogre looks as sick as possible!
The ogre hits you but does no damage.
You hit the ogre. You bite the ogre, but do no damage.
The ogre is moderately wounded.
Your spectral weapon hits the ogre.
The ogre hits your spectral weapon with a giant club!!
Your spectral weapon shares its damage with you!
Your spectral weapon fades away.
The ogre shouts!
You hit the ogre.
The ogre looks as sick as possible!
You bite the ogre.
The ogre is severely wounded.
You hit the ogre.
The ogre is severely wounded.
The ogre hits you with a giant club!!
* * * LOW HITPOINT WARNING * * *
You hit the ogre.
You kill the ogre!
Things that are here:
a giant club; an ogre corpse
Found a stone staircase leading down.
Your magical contamination has completely faded away.
An orc wizard comes into view. It is wielding a dagger.
There is a stone staircase leading down here.
Are you sure you want to abandon this character and quit the game? (Confirm with "yes".)

.. ... #o# #.# #.# ..
#.#######..
#.........# #
#.......... #.#
#@........# #.#.
#......##..# #.#.#
#......##.#.#.#.#.
#####......##..#.#.#.#
#..........##.#.#.#.#.
#.....#######..#.#.#.#
#.....# ###.....#.#.
#...#.#####....).#.#.#
#...#..........[..#.#.


You could see an orc wizard.

Vanquished Creatures
  An ice beast (D:4)
  2 phantoms
  2 ogres
  A centaur (D:6)
  A wyvern zombie (D:7)
  4 wights (D:6)
  2 crimson imps (D:6)
  A bullfrog zombie (D:6)
  2 centaur skeletons
  An orc priest (D:6)
  2 orc wizards (D:6)
  A bullfrog skeleton (D:4)
  An iguana (D:6)
  4 worker ants
  5 gnolls
  2 adders
  2 oozes
  2 adder skeletons
  2 worms (D:4)
  A dart slug (D:3)
  A leopard gecko (D:6)
  22 orcs
  2 ball pythons
  6 bats
  4 giant cockroaches
  3 goblins
  7 hobgoblins
  8 jackals
  A quokka (D:5)
  3 frilled lizards
  6 kobolds
  10 rats
112 creatures vanquished.

Vanquished Creatures (others)
  A spectral weapon (D:6)
1 creature vanquished.

Grand Total: 113 creatures vanquished

Notes
Turn   | Place    | Note
-------+----------+-------------------------------------------
     0 | D:1      | tidbits the Gnoll Skald began the quest for the Orb.
     0 | D:1      | Reached XP level 1. HP: 20/20 MP: 6/6
    76 | D:1      | Reached XP level 2. HP: 25/26 MP: 0/7
    82 | D:1      | Learned a level 2 spell: Song of Slaying
    85 | D:1      | Learned a level 2 spell: Shroud of Golubria
   235 | D:2      | Reached skill level 5 in Spellcasting
   235 | D:2      | Reached XP level 3. HP: 13/31 MP: 4/9
   258 | D:1      | Learned a level 3 spell: Regeneration
   263 | D:1      | Learned a level 3 spell: Spectral Weapon
   457 | D:3      | Reached skill level 1 in Invocations
   465 | D:3      | Reached skill level 1 in Short Blades
   465 | D:3      | Reached skill level 1 in Long Blades
   465 | D:3      | Reached skill level 1 in Maces & Flails
   465 | D:3      | Reached skill level 1 in Polearms
   465 | D:3      | Reached skill level 1 in Staves
   465 | D:3      | Reached skill level 1 in Slings
   465 | D:3      | Reached skill level 1 in Bows
   465 | D:3      | Reached skill level 1 in Crossbows
   465 | D:3      | Reached skill level 1 in Throwing
   465 | D:3      | Reached skill level 1 in Stealth
   465 | D:3      | Reached skill level 1 in Shields
   465 | D:3      | Reached skill level 1 in Unarmed Combat
   465 | D:3      | Reached skill level 1 in Evocations
   465 | D:3      | Reached XP level 4. HP: 14/38 MP: 4/11
   495 | D:3      | HP: 2/38 [gnoll/halberd (8)]
   589 | D:3      | Found a hide-covered altar of Uskayaw.
   601 | D:3      | Reached skill level 1 in Conjurations
   601 | D:3      | Reached skill level 1 in Hexes
   601 | D:3      | Reached skill level 1 in Summonings
   601 | D:3      | Reached skill level 1 in Necromancy
   601 | D:3      | Reached skill level 1 in Translocations
   601 | D:3      | Reached skill level 1 in Transmutations
   601 | D:3      | Reached skill level 1 in Fire Magic
   601 | D:3      | Reached skill level 1 in Ice Magic
   601 | D:3      | Reached skill level 1 in Air Magic
   601 | D:3      | Reached skill level 1 in Earth Magic
   601 | D:3      | Reached skill level 1 in Poison Magic
   674 | D:3      | Found a shadowy altar of Dithmenos.
   679 | D:3      | Found a bloodstained altar of Trog.
   679 | D:3      | Found a blossoming altar of Fedhas.
   680 | D:3      | Found a radiant altar of Vehumet.
   818 | D:4      | Reached XP level 5. HP: 24/43 MP: 8/12
   827 | D:4      | HP: 3/43 [orc/mace of protection (7)]
   830 | D:4      | HP: 1/43 [orc/short sword (3)]
   846 | D:4      | Noticed an ice beast
   855 | D:5      | Entered Level 5 of the Dungeon
   969 | D:4      | Reached skill level 3 in Armour
   976 | D:4      | Found a shattered altar of Ashenzari.
  1005 | D:4      | Noticed an ogre
  1009 | D:4      | Killed an ogre
  1009 | D:4      | Reached skill level 2 in Invocations
  1009 | D:4      | Reached XP level 6. HP: 38/50 MP: 8/13
  1019 | D:4      | Found an ancient bone altar of Kikubaaqudgha.
  1116 | D:4      | Killed an ice beast
  1116 | D:4      | Reached skill level 5 in Fighting
  1116 | D:4      | Reached skill level 2 in Short Blades
  1116 | D:4      | Reached skill level 2 in Long Blades
  1116 | D:4      | Reached skill level 5 in Axes
  1116 | D:4      | Reached skill level 2 in Maces & Flails
  1116 | D:4      | Reached skill level 2 in Polearms
  1116 | D:4      | Reached skill level 2 in Staves
  1116 | D:4      | Reached skill level 2 in Slings
  1116 | D:4      | Reached skill level 2 in Bows
  1116 | D:4      | Reached skill level 2 in Crossbows
  1116 | D:4      | Reached skill level 2 in Throwing
  1116 | D:4      | Reached skill level 5 in Dodging
  1116 | D:4      | Reached skill level 2 in Stealth
  1116 | D:4      | Reached skill level 2 in Shields
  1116 | D:4      | Reached skill level 2 in Unarmed Combat
  1116 | D:4      | Reached skill level 2 in Evocations
  1144 | D:5      | Found Zezyo's Antique Weapon Boutique.
  1172 | D:6      | Noticed a phantom
  1183 | D:6      | Killed a phantom
  1183 | D:6      | Reached XP level 7. HP: 55/56 MP: 3/15
  1215 | D:5      | Reached skill level 2 in Conjurations
  1215 | D:5      | Reached skill level 2 in Hexes
  1215 | D:5      | Reached skill level 2 in Summonings
  1215 | D:5      | Reached skill level 2 in Necromancy
  1215 | D:5      | Reached skill level 2 in Translocations
  1215 | D:5      | Reached skill level 2 in Transmutations
  1215 | D:5      | Reached skill level 2 in Fire Magic
  1215 | D:5      | Reached skill level 2 in Ice Magic
  1215 | D:5      | Reached skill level 2 in Air Magic
  1215 | D:5      | Reached skill level 2 in Earth Magic
  1215 | D:5      | Reached skill level 2 in Poison Magic
  1366 | D:6      | Reached skill level 3 in Invocations
  1370 | D:6      | Reached XP level 8. HP: 63/63 MP: 8/16
  1402 | D:6      | Reached skill level 6 in Charms
  1449 | D:6      | Reached skill level 4 in Armour
  1458 | D:6      | Reached skill level 3 in Short Blades
  1458 | D:6      | Reached skill level 3 in Long Blades
  1458 | D:6      | Reached skill level 3 in Maces & Flails
  1458 | D:6      | Reached skill level 3 in Polearms
  1458 | D:6      | Reached skill level 3 in Staves
  1458 | D:6      | Reached skill level 3 in Slings
  1458 | D:6      | Reached skill level 3 in Bows
  1458 | D:6      | Reached skill level 3 in Crossbows
  1458 | D:6      | Reached skill level 3 in Throwing
  1458 | D:6      | Reached skill level 3 in Stealth
  1458 | D:6      | Reached skill level 3 in Shields
  1458 | D:6      | Reached skill level 3 in Unarmed Combat
  1458 | D:6      | Reached skill level 3 in Evocations
  1517 | D:6      | Learned a level 3 spell: Confuse
  1548 | D:6      | Found a white marble altar of Elyvilon.
  1634 | D:6      | Reached skill level 6 in Spellcasting
  1728 | D:6      | Quit the game

Skill      XL: |  1  2  3  4  5  6  7  8 |
---------------+-------------------------+-----
Spellcasting   | 5 6 |  6.0
Invocations    | 1 2 3 |  3.6
Short Blades   | 1 2 3 |  3.3
Long Blades    | 1 2 3 |  3.3
Maces & Flails | 1 2 3 |  3.3
Polearms       | 1 2 3 |  3.3
Staves         | 1 2 3 |  3.3
Slings         | 1 2 3 |  3.3
Bows           | 1 2 3 |  3.3
Crossbows      | 1 2 3 |  3.3
Throwing       | 1 2 3 |  3.3
Stealth        | 1 2 3 |  3.3
Shields        | 1 2 3 |  3.3
Unarmed Combat | 1 2 3 |  3.3
Evocations     | 1 2 3 |  3.3
Conjurations   | 1 2 |  2.7
Hexes          | 1 2 |  2.7
Summonings     | 1 2 |  2.7
Necromancy     | 1 2 |  2.7
Translocations | 1 2 |  2.7
Transmutations | 1 2 |  2.7
Fire Magic     | 1 2 |  2.7
Ice Magic      | 1 2 |  2.7
Air Magic      | 1 2 |  2.7
Earth Magic    | 1 2 |  2.7
Poison Magic   | 1 2 |  2.7
Armour         | 3 4 |  4.2
Fighting       | 5 |  5.7
Axes           | 5 |  5.7
Dodging        | 5 |  5.7
Charms         | 6 |  6.1

Action                   |  1- 3 |  4- 6 |  7- 9 || total
-------------------------+-------+-------+-------++-------
Melee: Hand axe          |    64 |    17 |       ||    81
       Bite              |     8 |    13 |     9 ||    30
       Punch             |     1 |       |     1 ||     2
       Dagger            |       |    53 |    16 ||    69
       Flail             |       |    37 |    36 ||    73
       Battleaxe         |       |       |    21 ||    21
Throw: Javelin           |       |       |     1 ||     1
 Cast: Infusion          |     7 |     1 |       ||     8
       Spectral Weapon   |     3 |    15 |    13 ||    31
       Regeneration      |     1 |     6 |     2 ||     9
       Shroud of Golubri |       |     3 |     5 ||     8
  Use: Potion            |       |     1 |       ||     1
 Stab: Distracted        |     1 |     1 |       ||     2
       Sleeping          |       |     3 |     1 ||     4
  Eat: Chunk             |       |     3 |       ||     3
       Ration            |       |       |     1 ||     1
Armor: Leather armour    |     9 |    22 |    13 ||    44
Dodge: Dodged            |    60 |    88 |    49 ||   197

Table legend:
 A = Turns spent in this place as a percentage of turns spent in the entire game.
 B = Non-inter-level travel turns spent in this place as a percentage of non-inter-level travel turns spent in the entire game.
 C = Inter-level travel turns spent in this place as a percentage of turns spent in this place.
 D = Turns resting spent in this place as a percentage of non-inter-level travel turns spent in this place.
 E = Turns spent auto-exploring this place as a percentage of non-inter-level travel turns spent in this place.
 F = Non-inter-level travel turns spent in this place divided by the number of levels of this place that you've seen.
                   A       B       C       D       E      F
               +-------+-------+-------+-------+-------+----------------------
         Total | 100.0 | 100.0 |   0.0 |   0.0 |   0.0 | 246.9
       Dungeon | 100.0 | 100.0 |   0.0 |   0.0 |   0.0 | 246.9
               +-------+-------+-------+-------+-------+----------------------

Table legend:
 A = Kills in this place as a percentage of kills in entire the game.
 B = Kills by you in this place as a percentage of kills by you in the entire game.
 C = Kills by friends in this place as a percentage of kills by friends in the entire game.
 D = Other kills in this place as a percentage of other kills in the entire game.
 E = Experience gained in this place as a percentage of experience gained in the entire game.
 F = Experience gained in this place divided by the number of levels of this place that you have seen.
                   A       B       C       D       E      F
               +-------+-------+-------+-------+-------+----------------------
         Total | 100.0 | 100.0 |   N/A |   N/A | 100.0 | 264.9
       Dungeon | 100.0 | 100.0 |   N/A |   N/A | 100.0 | 264.9
               +-------+-------+-------+-------+-------+----------------------

Vault maps used:
D:1:      shiori_shiawase, minmay_door_square, minmay_split_cup_large
D:2:      zin_academy, overflow_temple_1_default, makhleb_heckhound_becter
D:3:      eat_drink_and_be_merry_uskayaw,
          chequers_temple_overflow_statue_of_worship, first_ration
D:4:      ashenzari_conservatory_becter, nicolae_overflow_crystal_walls,
          kennysheep_mini
D:5:      kennysheep_little_box, serial_shops, shop_fountains, uniq_edmund
D:6:      old_standard_altar, kennysheep_generic_room_9
D:7:      wad_river_or_something, okawaru_humans, minmay_temple_entry_overgrown
